 Dungeon Crawl Stone Soup version 0.29-a0-643-ga013cefcf8 (webtiles) character file.

Game seed: 11880783626391836182

81 avis the Chiller (level 4, -3/33 HPs)
             Began as a Demigod Ice Elementalist on June 19, 2022.
             Slain by a phantom (7 damage)
             ... on level 3 of the Dungeon.
             The game lasted 00:09:19 (2836 turns).

avis the Chiller (Demigod Ice Elementalist)         Turns: 2836, Time: 00:09:20

Health: -3/33      AC:  2    Str:  9    XL:     4   Next: 0%
Magic:  2/9        EV: 12    Int: 17    God:
Gold:   78         SH:  0    Dex: 18    Spells: 2/6 levels left

rFire   . . .      SeeInvis .   a - +2 dagger (holy)
rCold   . . .      Faith    .   (no shield)
rNeg    . . .      Spirit   .   l - +0 robe
rPois   .          Reflect  .   (no helmet)
rElec   .          Harm     .   (no cloak)
rCorr   .          Rampage  .   (no gloves)
Will    .....                   (no boots)
Stlth   ++........              (no amulet)
HPRegen 0.11/turn               (no ring)
MPRegen 0.11/turn               (no ring)

@: no status effects
A: high MP 1, forlorn, divine attributes
a: no special abilities


You were on level 3 of the Dungeon.
You visited 1 branch of the dungeon, and saw 3 of its levels.

You collected 78 gold pieces.

Inventory:

Hand Weapons
 a - a +2 dagger of holy wrath (weapon)
 b - a +0 hunting sling
 c - a +0 short sword
Armour
 l - a +0 robe (worn)
 m - an orb of light
Jewellery
 f - an amulet of reflection
 i - a ring of see invisible
Scrolls
 g - a scroll of enchant armour {unknown}
 h - a scroll of enchant weapon {unknown}
 k - 2 scrolls of identify {unknown}
Potions
 d - 3 potions of ambrosia {unknown}
 e - a potion of brilliance {unknown}
 j - a potion of curing {unknown}
 n - a potion of lignification {unknown}
 o - 2 potions of heal wounds {unknown}
 p - 2 potions of magic


   Skills:
 - Level 1.7 Dodging
 - Level 1.7 Stealth
 - Level 1.7 Spellcasting
 * Level 5.2 Ice Magic


You had 2 spell levels left.
You knew the following spells:

 Your Spells              Type           Power      Damage    Failure   Level
a - Freeze                Ice            76%        1d9       2%          1
o - Ozocubu's Armour      Ice            19%        N/A       7%          3

Your spell library contained the following spells:

 Spells                   Type           Power      Damage    Failure   Level
 Static Discharge         Conj/Air       1%         N/A       30%         2
 Frozen Ramparts          Ice            38%        1d5       7%          3
 Hailstorm                Conj/Ice       10%        3d5       56%         4
 Dispel Undead            Necr           1%         3d6       89%         4
 Sticky Flame             Conj/Fire      1%         2d3       89%         4
 Ozocubu's Refrigeration  Ice            9%         4d6       100%        7


Dungeon Overview and Level Annotations

Branches:
Dungeon (3/15)


Innate Abilities, Weirdness & Mutations

You have an increased reservoir of magic. (+10% MP)
You shall have no god before yourself.
Your divine heritage dramatically boosts your attributes as you level up.


Message History

The phantom hits you.
* * * LOW HITPOINT WARNING * * *
The phantom blinks!
You blink.
Your icy armour cracks and falls away as you move.
The ball python loses its grip on you.
Casting: Ozocubu's Armour (quite dangerous; 7% risk of failure)
Confirm with . or Enter, or press ? or * to list all spells.
The spell is quite dangerous to miscast (7% risk of failure)!
Continue anyway? [Y]es or [N]o only, please.
The spell is quite dangerous to miscast (7% risk of failure)!
Continue anyway? [Y]es or [N]o only, please.
The spell is quite dangerous to miscast (7% risk of failure)!
Continue anyway?
Okay, then.
Casting: Ozocubu's Armour (quite dangerous; 7% risk of failure)
Confirm with . or Enter, or press ? or * to list all spells.
The spell is quite dangerous to miscast (7% risk of failure)!
Continue anyway?
A film of ice covers your body!
The ball python bites you but does no damage.
The ball python grabs you. The ball python constricts you.
The phantom barely misses you.
Casting: Ozocubu's Armour (quite dangerous; 7% risk of failure)
Confirm with . or Enter, or press ? or * to list all spells.
Aiming: Freeze (safe; 2% risk of failure)
Press: ? - help, Shift-Dir - straight line, f - ball python, p - phantom
Aim: a ball python (constricting you)
You freeze the ball python.
You kill the ball python!
The bat barely misses you. The phantom hits you.
* * * LOW HITPOINT WARNING * * *
The phantom blinks!
You blink.
Your icy armour cracks and falls away as you move.
You barely miss the phantom.
The phantom is heavily damaged.
The phantom hits you.
* * * LOW HITPOINT WARNING * * *
The phantom blinks!
You blink.
You hit the phantom.
The phantom convulses.
The phantom is severely damaged.
The bat closely misses you. The phantom hits you!
You die...

####### #####.......
#..?......## #...........
#..........#
##...W......##
#....@.......# .....
#....b.......#.#...#
#............#.#..[##
#.....g.....).......
###...................
#....................#
#.....#.$..§###..###†#
####.....##.##.###...##.#
#........##.##.........<#


You could see a phantom, a hobgoblin and a bat.

Vanquished Creatures
  2 adders (D:2)
  2 worms
  A dart slug (D:2)
  6 bats
  4 endoplasms
  4 giant cockroaches
  7 goblins
  4 hobgoblins
  3 jackals (D:1)
  3 quokkas
  5 ball pythons
  3 frilled lizards
  4 kobolds
  3 rats (D:2)
51 creatures vanquished.

Notes
Turn   | Place    | Note
-------+----------+-------------------------------------------
     0 | D:1      | avis the Demigod Ice Elementalist began the quest for the
                  | Orb.
     0 | D:1      | Reached XP level 1. HP: 14/14 MP: 5/5
   468 | D:1      | Reached skill level 4 in Ice Magic
   643 | D:1      | Reached XP level 2. HP: 20/20 MP: 7/7
  1839 | D:2      | Reached XP level 3. HP: 26/26 MP: 6/8
  2206 | D:2      | Learned a level 3 spell: Ozocubu's Armour
  2272 | D:2      | Reached skill level 5 in Ice Magic
  2693 | D:3      | Noticed a phantom
  2778 | D:3      | Reached XP level 4. HP: 33/33 MP: 7/9
  2836 | D:3      | Slain by a phantom

Illustrated notes

Levels and vault maps discovered:
D:1:      evilmike_arrival_plus, layout_basic
D:2:      minmay_alternating_diamond, layout_loops_ring
D:3:      layout_loops_ring, okawaru_gym_becter, grunt_ministairs_4

Skill      XL: |  1  2  3 |
---------------+----------+-----
Ice Magic      | 4 5 |  5.2
Dodging        | |  1.7
Stealth        | |  1.7
Spellcasting   | |  1.7

Action                   |  1- 3 |  4- 6 || total
-------------------------+-------+-------++-------
Melee: Short sword       |     3 |       ||     3
       Dagger            |     5 |     7 ||    12
 Fire: Hunting sling     |       |     1 ||     1
 Cast: Freeze            |    67 |     1 ||    68
       Ozocubu's Armour  |       |     2 ||     2
 Stab: Sleeping          |     5 |       ||     5
Armor: Robe              |     6 |     6 ||    12
Dodge: Dodged            |    18 |    10 ||    28

Table legend: (Time is in decaauts)
 A = Elapsed time spent in this place.
 B = Non-inter-level travel time spent in this place.
 C = Inter-level travel time spent in this place.
 D = Time resting spent in this place.
 E = Time spent auto-exploring this place.
 F = Levels seen in this place.
 G = Mean time per level.
                   A        B        C        D        E       F      G
               +--------+--------+--------+--------+--------+-----+--------+
         Total |   2834 |   2534 |    300 |    852 |   1226 |   3 |  944.7 |
       Dungeon |   2834 |   2534 |    300 |    852 |   1226 |   3 |  944.7 |
               +--------+--------+--------+--------+--------+-----+--------+

Top non-repeatable levels by time:
     D:1: 1571 daAuts
     D:2: 1098 daAuts
     D:3: 164 daAuts
